 Dungeon Sprint DCSS version 0.28-a0-909-g796cbd3a86 (webtiles) character file.

Game seed: 7381658724324610724

2256 Turgor the Imperceptible (level 9, 0/39 HPs)
             Began as a Spriggan Enchanter on Nov 24, 2021.
             Was a Believer of Dithmenos.
             Slain by a demonic crawler (2 damage)
             ... in the Dungeon (Sprint I: "Red Sonja").
             The game lasted 00:07:36 (557 turns).

Turgor the Imperceptible (Spriggan Enchanter)        Turns: 557, Time: 00:07:36

Health: 0/39       AC:  2    Str:  4    XL:     9   Next: 15%
Magic:  20/23      EV: 17    Int: 17    God:    Dithmenos [**....]
Gold:   822        SH:  0    Dex: 18    Spells: 18/26 levels left

rFire   . . .      SeeInvis +   k - +0 short sword (venom)
rCold   . . .      Faith    .   (shield restricted)
rNeg    . . .      Spirit   .   b - +0 robe
rPois   .          Reflect  .   (helmet restricted)
rElec   .          Harm     .   (no cloak)
rCorr   .          Rampage  .   (gloves unavailable)
Will    +....      NoTele   +   (boots unavailable)
Stlth   ++++++++++              (no amulet)
HPRegen 0.13/turn               (no ring)
MPRegen 0.18/turn               (no ring)

@: confusing by touch, wreathed by umbra, very quick
A: very small, no large weapons, unfitting armour, see invisible, speed 3
a: Renounce Religion, Shadow Step


You were in the Dungeon.
You worshipped Dithmenos.
Dithmenos was pleased with you.
You visited 1 branch You collected 848 gold pieces.
You spent 26 gold pieces at shops.

Inventory:

Hand Weapons
 a - a +1 dagger
 k - a +0 short sword of venom (weapon)
Missiles
 l - a curare-tipped dart (quivered)
Armour
 b - a +0 robe (worn)
Wands
 n - a wand of polymorph (8)
Scrolls
 i - a scroll of blinking
 o - a scroll of immolation
Potions
 d - 5 potions of curing
 e - a potion of heal wounds
 f - a potion of haste
 g - 2 potions of magic
 h - 2 potions of mutation
 j - a potion of might {unknown}


   Skills:
 + Level 8.2 Short Blades
 - Level 2.6 Dodging
 * Level 21.9 Stealth
 + Level 9.4 Spellcasting
 * Level 13.1 Hexes


You had 18 spell levels left.
You knew the following spells:

 Your Spells              Type           Power      Damage    Failure   Level
a - Ensorcelled Hibernat  Hex/Ice        60%        N/A       1%          2
b - Confusing Touch       Hex            51%        N/A       1%          3
c - Dazzling Flash        Conj/Hex       60%        N/A       1%          3

Your spell library contained the following spells:

 Spells                   Type           Power      Damage    Failure   Level
 Tukima's Dance           Hex            51%        N/A       1%          3


Dungeon Overview and Level Annotations

Branches:
Dungeon (1/1)

Altars:
Cheibriados
Dithmenos
Elyvilon
Fedhas
Gozag
Hepliaklqana
Kikubaaqudgha
Makhleb
Nemelex Xobeh
Okawaru
Qazlal
Ru
Sif Muna
Trog
Uskayaw
Vehumet
Wu Jian
Xom
Yredelemnul
Zin
The Shining One
Jiyva
Lugonu

Shops:
D *([


Innate Abilities, Weirdness & Mutations

You are very small and have problems with some larger weapons.
You are too small for most types of armour.
You have supernaturally acute eyesight. (SInv)
You cover ground extremely quickly. (Speed+++)


Message History

Press: ? - help, Q - select action, (/) - cycle Shift-Dir - straight line, f - demonic crawler
Aim: a demonic crawler (wandering, hasn't noticed you, 75% to hit)
You throw a curare-tipped dart.
The curare-tipped dart hits the demonic crawler.
Press: ? - help, v - describe, . - travel
Here: a demonic crawler (wandering, hasn't noticed you)
The floor.
There is an open door here.
There is an open door here.
You flicker back into view.
Things that are here:
a +0 scythe; a +0 robe
There is an open door here.
Things that are here:
a +0 giant club; an ogre skeleton
There is an open door here.
Things that are here:
a +0 club; a +0 scale mail; the goblin skeleton of Ijyb
There is an open door here.
You start waiting.
A demonic crawler is nearby!
Cast which spell? (? or * to list)
Okay, then.
Things that are here:
a +0 club; a +0 scale mail
There is an open door here.
Cast which spell? (? or * to list)
Your hands begin to glow red.
The demonic crawler gives a hideous shriek!
You hit the demonic crawler but do no damage.
The demonic crawler hits you! The demonic crawler hits you. x2
You completely miss the demonic crawler.
The demonic crawler hits you but does no damage.
The demonic crawler hits you! x2
* * * LOW HITPOINT WARNING * * *
You hit the demonic crawler but do no damage.
The demonic crawler hits you.
* * * LOW HITPOINT WARNING * * *
The demonic crawler hits you.
You die...

#######################
#<.#.)@..#.)'..#__#)(s(
#..'..#s)'..#..s..s).#.
#..#####'#####'#__####
#..####..#...#[####
#..#__####..##.#
#..#_____##'#_.+
#⌠⌠#_.∩..÷'..._#
####_..__##_.#'##+###
#_____###'#[#...(###


You could see a demonic crawler.

Vanquished Creatures
  Sonja (D)
  A deep troll (D)
  2 kobold demonologists (D)
  A slime creature (D)
  A yak (D)
  Sigmund (D)
  A floating eye (D)
  An ogre (D)
  A jelly (D)
  Ijyb (D)
  A ballistomycete spore (D)
12 creatures vanquished.

Vanquished Creatures (others)
  A ballistomycete spore (D)
1 creature vanquished.

Grand Total: 13 creatures vanquished

Notes
Turn   | Place    | Note
-------+----------+-------------------------------------------
     0 | D        | Turgor the Spriggan Enchanter began the quest for the Orb.
     0 | D        | Reached XP level 1. HP: 9/9 MP: 5/5
     1 | D        | Noticed Ijyb
     8 | D        | Killed Ijyb
     9 | D        | Reached skill level 10 in Stealth
     9 | D        | Reached XP level 2. HP: 13/13 MP: 6/6
    92 | D        | Noticed an ogre
    95 | D        | Killed an ogre
    96 | D        | Reached skill level 14 in Stealth
    96 | D        | Reached XP level 3. HP: 16/16 MP: 8/8
    96 | D        | Reached XP level 4. HP: 21/21 MP: 9/9
   104 | D        | Noticed Sigmund
   107 | D        | Killed Sigmund
   108 | D        | Reached skill level 18 in Stealth
   108 | D        | Reached XP level 5. HP: 24/24 MP: 10/10
   120 | D        | Found an ornate altar of the Wu Jian Council.
   120 | D        | Found a shimmering blue altar of Sif Muna.
   122 | D        | Found a radiant altar of Vehumet.
   127 | D        | Reached XP level 6. HP: 28/28 MP: 11/11
   148 | D        | Found Lugolyli's Antique Weapon Emporium.
   148 | D        | Found an ancient bone altar of Kikubaaqudgha.
   148 | D        | Found a hazy altar of Hepliaklqana.
   148 | D        | Found a hide-covered altar of Uskayaw.
   148 | D        | Found a basalt altar of Yredelemnul.
   148 | D        | Found an opulent altar of Gozag.
   148 | D        | Found a snail-covered altar of Cheibriados.
   148 | D        | Found a sacrificial altar of Ru.
   148 | D        | Found a shadowy altar of Dithmenos.
   148 | D        | Noticed a yak
   149 | D        | Found a stormy altar of Qazlal.
   149 | D        | Found a blossoming altar of Fedhas.
   149 | D        | Found a bloodstained altar of Trog.
   149 | D        | Found an iron altar of Okawaru.
   149 | D        | Found a glowing golden altar of the Shining One.
   149 | D        | Found a glowing silver altar of Zin.
   149 | D        | Found a white marble altar of Elyvilon.
   150 | D        | Killed a yak
   151 | D        | Reached skill level 19 in Stealth
   151 | D        | Found a sparkling altar of Nemelex Xobeh.
   157 | D        | Became a worshipper of Dithmenos the Shadowed
   166 | D        | Noticed Sonja
   170 | D        | Killed Sonja
   171 | D        | Reached skill level 20 in Stealth
   171 | D        | Reached skill level 10 in Hexes
   171 | D        | Reached XP level 7. HP: 32/32 MP: 12/18
   185 | D        | Noticed a deep troll
   189 | D        | Killed a deep troll
   190 | D        | Reached XP level 8. HP: 36/36 MP: 16/21
   201 | D        | Found Etwigoaz's Armour Emporium.
   284 | D        | Found Lyts's General Store.
   292 | D        | Bought a scroll of identify for 26 gold pieces
   426 | D        | Found a viscous altar of Jiyva.
   426 | D        | Found a corrupted altar of Lugonu.
   426 | D        | Noticed a slime creature
   427 | D        | Found a burning altar of Makhleb.
   427 | D        | Found a shimmering altar of Xom.
   429 | D        | Killed a slime creature
   429 | D        | Reached * piety under Dithmenos
   430 | D        | Reached skill level 21 in Stealth
   441 | D        | Noticed a kobold demonologist
   441 | D        | Noticed a kobold demonologist
   445 | D        | Paralysed by a floating eye for 2 turns
   451 | D        | Noticed a smoke demon
   453 | D        | Killed a kobold demonologist
   454 | D        | Reached XP level 9. HP: 39/39 MP: 21/23
   458 | D        | Noticed a demonic crawler
   458 | D        | Noticed a demonic crawler
   458 | D        | Noticed a demonic crawler
   459 | D        | Killed a kobold demonologist
   459 | D        | Reached ** piety under Dithmenos
   466 | D        | Learned a level 2 spell: Ensorcelled Hibernation
   470 | D        | Learned a level 3 spell: Confusing Touch
   474 | D        | Learned a level 3 spell: Dazzling Flash
   477 | D        | Noticed a demonic crawler
   557 | D        | Slain by a demonic crawler

Illustrated notes

Levels and vault maps discovered:
D:        dungeon_sprint_1 [red_sonja_temple_1, red_sonja_temple_small_1]

Skill      XL: |  1  2  3  4  5  6  7  8  9 |
---------------+----------------------------+-----
Stealth        | 10 14 18 20 21 | 21.9
Spellcasting   | 3 7 8 9 |  9.4
Hexes          | 4 10 11 12 13 | 13.1
Short Blades   | 6 7 8 |  8.2
Dodging        | |  2.6

Action                   |  1- 3 |  4- 6 |  7- 9 || total
-------------------------+-------+-------+-------++-------
Melee: Unarmed           |     4 |       |       ||     4
       Dagger            |     1 |     4 |       ||     5
       Short sword       |       |       |    14 ||    14
Throw: Dart              |       |       |     3 ||     3
 Cast: Confusing Touch   |       |       |     1 ||     1
  Use: Potion            |     1 |       |     1 ||     2
       Scroll            |       |       |     2 ||     2
 Stab: Sleeping          |     1 |     4 |     3 ||     8
       Invisible         |       |       |     3 ||     3
Armor: Robe              |       |       |     2 ||     2
Dodge: Dodged            |     1 |       |    18 ||    19

Table legend: (Time is in decaauts)
 A = Elapsed time spent in this place.
 B = Non-inter-level travel time spent in this place.
 C = Inter-level travel time spent in this place.
 D = Time resting spent in this place.
 E = Time spent auto-exploring this place.
 F = Levels seen in this place.
 G = Mean time per level.
                   A        B        C        D        E       F      G
               +--------+--------+--------+--------+--------+-----+--------+
         Total |    484 |    484 |      0 |    261 |      0 |   1 |  484.0 |
       Dungeon |    484 |    484 |      0 |    261 |      0 |   1 |  484.0 |
               +--------+--------+--------+--------+--------+-----+--------+

Top non-repeatable levels by time:
       D: 484 daAuts
